 Dungeon Crawl Stone Soup version 0.17.2-1-ge4368a0 (webtiles) character file.

4 hexophile the Skirmisher (level 1, 21/21 HPs)
             Began as a Naga Fighter on Aug 20, 2018.
             Got out of the dungeon alive.
             The game lasted 00:00:20 (201 turns).

hexophile the Skirmisher (Naga Fighter)              Turns: 201, Time: 00:00:20

Health: 21/21      AC:  3    Str: 18    XL:     1   Next: 70%
Magic:  1/1        EV:  5    Int:  8    God:
Gold:   14         SH:  8    Dex: 10    Spells: 0 memorised, 0 levels left

rFire  . . .     SeeInvis +     a - +0 long sword
rCold  . . .     Clarity  .     b - +0 scale mail
rNeg   . . .     SustAt   .     c - +0 shield
rPois  +         Gourm    .     (no helmet)
rElec  .         Spirit   .     (no cloak)
rCorr  .         Warding  .     (no gloves)
rMut   .         Stasis   .     (no barding)
MR     .....                    (no amulet)
Stlth  ..........               (no ring)
                                (no ring)

@: very slow, not resistant to hostile enchantments, extremely unstealthy
A: see invisible, deformed body, poison resistance, slowness 2, slow metabolism
1, spit poison 2, AC +0
a: Spit Poison


You escaped.
You were not hungry.

You visited 1 branch of the dungeon, and saw 1 of its levels.

You collected 14 gold pieces.


Innate Abilities, Weirdness & Mutations

You cannot wear boots.
Your serpentine skin is tough (AC +0).
You have supernaturally acute eyesight.
Armour fits poorly on your strangely shaped body.
Your system is resistant to poisons.
You cover ground very slowly.
You have a slow metabolism.
You can spit poison.

Inventory:

Hand Weapons
 a - a +0 long sword (weapon)
Armour
 b - a +0 scale mail (worn)
 c - a +0 shield (worn)
Jewellery
 e - an uncursed amulet of faith {unknown}
Potions
 d - a potion of might {Str+5 DMG+1d10}
Comestibles
 f - a royal jelly
 r - 2 bread rations


You couldn't memorise any spells.
You didn't know any spells.


   Skills:
 + Level 3.2 Fighting
 - Level 2.1 Long Blades
 - Level 2.4 Armour
 - Level 2.4 Shields

Dungeon Overview and Level Annotations

Branches:
Dungeon (1/15)

Altars:

Vault maps used:
D:1:      minmay_arrival_pointy, minmay_crystal_room
There     were no monsters in sight!


Message History

The hobgoblin shouts!
A hobgoblin is nearby!
The hobgoblin hits you but does no damage.
You closely miss the hobgoblin. You block the hobgoblin's attack.
You closely miss the hobgoblin. You block the hobgoblin's attack.
The hobgoblin barely misses you.
You closely miss the hobgoblin. You block the hobgoblin's attack.
You closely miss the hobgoblin. The hobgoblin barely misses you.
A rat comes into view.
You closely miss the hobgoblin.
The hobgoblin hits you but does no damage.
You slash the hobgoblin!
You kill the hobgoblin!
The rat bites you but does no damage.
You slash the rat!
You kill the rat!
You see here a club.
No target in view!
No target in view!
A kobold comes into view.
You block the kobold's attack.
A kobold is nearby!
You closely miss the kobold. You block the kobold's attack.
A kobold is nearby!
You slash the kobold!
You kill the kobold!
No target in view!
No target in view!
You open the door.
A kobold comes into view.
There is an open door here.
A kobold is nearby!
A kobold is nearby!
You closely miss the kobold. You block the kobold's attack.
You barely miss the kobold. The kobold hits you.
The kobold hits you but does no damage.
You lost 2 HP.
You have now: 19/21 HP.
You slash the kobold!
You kill the kobold!
No target in view!
No target in view!
There is an open door here.
You see here a club.
There is a stone staircase leading down here.
You see here 8 stones.
There is a staircase leading out of the dungeon here.
Restored 2 HP.
You have now: 21/21 HP.
You can't go down here!
Are you sure you want to leave the Dungeon?
This will make you lose the game!
You have escaped!

Action                   || total
-------------------------++-------
Melee: Long sword        ||    16

Notes
Turn   | Place    | Note
--------------------------------------------------------------
     0 | D:1      | hexophile the Naga Fighter began the quest for the Orb.
     0 | D:1      | Reached XP level 1. HP: 21/21 MP: 1/1
   201 | D:$      | Got out of the dungeon alive.

Table legend:
 A = Turns spent in this place as a percentage of turns spent in the entire game.
 B = Non-inter-level travel turns spent in this place as a percentage of non-inter-level travel turns spent in the entire game.
 C = Inter-level travel turns spent in this place as a percentage of turns spent in this place.
 D = Turns resting spent in this place as a percentage of non-inter-level travel turns spent in this place.
 E = Turns spent auto-exploring this place as a percentage of non-inter-level travel turns spent in this place.
 F = Non-inter-level travel turns spent in this place divided by the number of levels of this place that you've seen.
                   A       B       C       D       E      F
               +-------+-------+-------+-------+-------+----------------------
         Total | 100.0 | 100.0 |   1.1 |   0.0 |   7.9 |  89.0
       Dungeon | 100.0 | 100.0 |   1.1 |   0.0 |   7.9 |  89.0
               +-------+-------+-------+-------+-------+----------------------

Table legend:
 A = Kills in this place as a percentage of kills in entire the game.
 B = Kills by you in this place as a percentage of kills by you in the entire game.
 C = Kills by friends in this place as a percentage of kills by friends in the entire game.
 D = Other kills in this place as a percentage of other kills in the entire game.
 E = Experience gained in this place as a percentage of experience gained in the entire game.
 F = Experience gained in this place divided by the number of levels of this place that you have seen.
                   A       B       C       D       E      F
               +-------+-------+-------+-------+-------+----------------------
         Total | 100.0 | 100.0 |  -nan |  -nan | 100.0 |   7.0
       Dungeon | 100.0 | 100.0 |  -nan |  -nan | 100.0 |   7.0
               +-------+-------+-------+-------+-------+----------------------

Vanquished Creatures
  A bat (D:1)
  A hobgoblin (D:1)
  2 kobolds (D:1)
  A rat (D:1)
5 creatures vanquished.
